 Dungeon Crawl Stone Soup version 0.29.1-13-g9f3cf754e1 (webtiles) character file.

Game seed: 87918268267970673

158 croobank the Insei (level 5, 0/34 HPs)
             Began as an Octopode Transmuter on Feb 5, 2023.
             Slain by an orc wizard
             ... wielding a +0 dagger
              (4 damage)
             ... on level 3 of the Dungeon.
             The game lasted 00:07:15 (3266 turns).

croobank the Insei (Octopode Transmuter)            Turns: 3266, Time: 00:07:16

Health: 0/34       AC:  1    Str: 10    XL:     5   Next: 40%
Magic:  6/9        EV: 13    Int: 17    God:
Gold:   108        SH:  5    Dex: 12    Spells: 3/9 levels left

rFire   . . .      SeeInvis .   f - +0 short sword (venom)
rCold   . . .      Faith    .   (no shield)
rNeg    . . .      Spirit   .   (helmet restricted)
rPois   .          Reflect  +   o - amulet of reflection
rElec   .          Harm     .   (no ring)
rCorr   .          Rampage  .   (no ring)
Will    .....                   (no ring)
Stlth   ++........              (no ring)
HPRegen 0.11/turn               (no ring)
MPRegen 0.11/turn               (no ring)
                                (no ring)
                                (no ring)

@: wereblooded
A: almost no armour, amphibious, 8 rings, camouflage 1, gelatinous body 1,
(nimble swimmer 1), tentacles
a: no special abilities


You were on level 3 of the Dungeon.
You visited 1 branch of the dungeon, and saw 3 of its levels.

You collected 108 gold pieces.

Inventory:

Hand Weapons
 c - a +0 short sword
 f - a +0 short sword of venom (weapon)
 i - a +0 bardiche of venom
 l - a +0 hand axe
Missiles
 j - a throwing net
 k - 6 poisoned darts
Jewellery
 o - an amulet of reflection (around mantle)
Scrolls
 b - a scroll of fear
 d - 3 scrolls of identify
 e - a scroll of amnesia
 n - 3 scrolls of teleportation
Potions
 a - a potion of lignification
 g - a potion of brilliance {unknown}
 h - a potion of curing
 m - a potion of heal wounds {unknown}


   Skills:
 + Level 2.1 Fighting
 + Level 2.8 Dodging
 + Level 3.6 Unarmed Combat
 + Level 2.7 Spellcasting
 + Level 0.9 Conjurations
 + Level 2.9 Transmutations
 + Level 0.8 Earth Magic


You had 3 spell levels left.
You knew the following spells:

 Your Spells              Type           Power      Damage    Failure   Level
a - Beastly Appendage     Tmut           24%        N/A       5%          1
b - Wereblood             Tmut           12%        N/A       9%          2
c - Stone Arrow           Conj/Erth      10%        3d7       36%         3

Your spell library contained the following spells:

 Spells                   Type           Power      Damage    Failure   Level
 Sandblast                Erth           10%        2d5       13%         1
 Passwall                 Tmut/Erth      6%         N/A       13%         2
 Spider Form              Tmut/Pois      7%         N/A       30%         3
 Ice Form                 Ice/Tmut       7%         N/A       69%         4


Dungeon Overview and Level Annotations

Branches:
Dungeon (3/15)

Altars:
Dithmenos


Innate Abilities, Weirdness & Mutations

You cannot wear most types of armour.
You are amphibious.
You can wear up to eight rings at the same time.
Your skin changes colour to match your surroundings (Stealth+).
Your rubbery body absorbs attacks. (AC +1, EV +1)
((You are camouflaged when in or above water. (Stealth+)))
You have tentacles for arms and can constrict up to eight enemies at once.


Message History

You hit the endoplasm.
You pierce the endoplasm.
You kill the endoplasm!
You hit the endoplasm. You tentacle-slap the endoplasm.
You kill the endoplasm!
Your magical contamination has completely faded away.
You block the orc's attack.
The orc wizard gestures wildly while chanting.
The orc wizard flickers and vanishes!
Deactivating autopickup; reactivate with Ctrl-A.
You closely miss the orc. You grab the orc.
You pierce the orc.
You squeeze the orc, but do no damage.
The orc is lightly wounded.
Your transformation is almost over.
You constrict the orc.
The orc hits you with a +2 whip of electrocution!
You are electrocuted!!
Ouch! That really hurt!
* * * LOW HITPOINT WARNING * * *
You hit the orc but do no damage.
The orc is poisoned.
You pierce the orc.
The orc is severely wounded.
You constrict the orc.
You kill the orc!
You feel better. Something hits you.
The kobold throws a stone.
The stone closely misses you.
You miss something.
Your tentacle spike misses something.
Something hits you.
You completely miss something.
You pierce something.
Your squeeze misses something. Something barely misses you.
You hit something but do no damage.
Your tentacle spike misses something.
Something hits you.
* * * LOW HITPOINT WARNING * * *
Casting: Wereblood (safe; 9% risk of failure)
Confirm with . or Enter, or press ? or * to list all spells.
Your blood is infused with primal strength.
The kobold throws a stone.
The stone barely misses you. Something hits you.
* * * LOW HITPOINT WARNING * * *
You hit something but do no damage. Something barely misses you.
You barely miss something.
Your tentacle spike disappears.
Something hits you.
You die...

## ### #.. ##.## #.#
#######...## #.#
...........# #.#
####.#....## #.#####.#
#.#.#.#########........
#.#.#....†...@{o....#
#[#.###########K###.#
#.#.# #........# #.#.#
#.....[..# ###.#.#
#..oK....# #.# .#.#
#.......... .# ....
#.......##.# ###..
........# # .#)#
..........


You could see an orc and a kobold.

Vanquished Creatures
  Natasha (D:3)
  4 gnolls (D:3)
  2 adders (D:2)
  3 dart slugs
  2 orcs (D:3)
  11 endoplasms
  3 goblins
  3 hobgoblins
  10 jackals
  8 kobolds
  2 quokkas
  4 ball pythons
  4 bats
  4 frilled lizards
  A rat (D:1)
62 creatures vanquished.

Notes
Turn   | Place    | Note
-------+----------+-------------------------------------------
     0 | D:1      | croobank the Octopode Transmuter began the quest for the
                  | Orb.
     0 | D:1      | Reached XP level 1. HP: 13/13 MP: 3/3
   409 | D:1      | You fall into a shaft and drop 1 floor!
   469 | D:2      | Reached XP level 2. HP: 18/18 MP: 3/5
   472 | D:2      | Learned a level 2 spell: Wereblood
   842 | D:2      | Found a shadowy altar of Dithmenos.
   889 | D:2      | Reached XP level 3. HP: 8/23 MP: 2/6
  2070 | D:1      | Reached XP level 4. HP: 28/29 MP: 3/7
  2294 | D:1      | Found a faded altar of an unknown god.
  2649 | D:3      | Learned a level 3 spell: Stone Arrow
  2798 | D:3      | Noticed Natasha
  2804 | D:3      | Killed Natasha
  2950 | D:3      | Identified the +1 ring mail of the Invisible Hand {Harm
                  | rCorr}
  3075 | D:3      | Reached XP level 5. HP: 27/34 MP: 4/8
  3266 | D:3      | Slain by an orc wizard

Illustrated notes

Levels and vault maps discovered:
D:1:      psy_arrival_statuary, layout_loops_ring,
          hellmonk_ecumenical_altar_inner_sanctum
D:2:      layout_basic, basic_altar, hangedman_decor_slide_cut
D:3:      layout_loops_ring, minmay_ogre_servants, uniq_natasha

Skill      XL: |  1  2  3  4 |
---------------+-------------+-----
Fighting       | 2 |  2.1
Dodging        | |  2.8
Unarmed Combat | |  3.6
Spellcasting   | |  2.7
Conjurations   | |  0.9
Transmutations | |  2.9
Earth Magic    | |  0.8

Action                   |  1- 3 |  4- 6 || total
-------------------------+-------+-------++-------
Melee: Unarmed           |     8 |       ||     8
       Short sword       |    59 |    53 ||   112
       Tentacles         |    10 |    12 ||    22
       Constrict         |    18 |    14 ||    32
       Kick              |    16 |    20 ||    36
       Punch             |     1 |     3 ||     4
 Cast: Beastly Appendage |    15 |    11 ||    26
       Wereblood         |    10 |    10 ||    20
  Use: Scroll            |     4 |     1 ||     5
       Potion            |       |     1 ||     1
 Stab: Sleeping          |     6 |     1 ||     7
Armor: Skin              |     2 |     1 ||     3
Dodge: Dodged            |    46 |    26 ||    72
Block: Other             |       |     4 ||     4
